 Dungeon Crawl Stone Soup version 0.29.1-15-g9cfb28693d (webtiles) character file.

Game seed: 11525301106969832491

9185 Gabide the Severer (level 11, -6/105 HPs)
             Began as an Ogre Gladiator on Apr 27, 2023.
             Mangled by a centaur warrior
             ... wielding a +7 war axe of freezing
              (10 damage)
             ... on level 8 of the Dungeon.
             The game lasted 00:12:56 (9060 turns).

Gabide the Severer (Ogre Gladiator)                 Turns: 9060, Time: 00:12:57

Health: -6/105     AC:  6    Str: 24    XL:     11   Next: 42%
Magic:  20/20      EV: 10    Int:  9    God:
Gold:   421        SH:  0    Dex: 10    Spells: 10/10 levels left

rFire   . . .      SeeInvis .   a - +8 frozen axe "Frostbite" {freezing cloud, *Noise Fly rC+}
rCold   + . .      Faith    .   (shield currently unavailable)
rNeg    . . .      Spirit   .   v - +0 troll leather armour {Pargi}
rPois   .          Reflect  .   c - +0 hat
rElec   .          Harm     .   s - +0 cloak
rCorr   .          Rampage  .   (gloves unavailable)
Will    +....                   (boots unavailable)
Stlth   +.........              l - amulet of the acrobat
HPRegen 1.07/turn               m - ring of magical power
MPRegen 0.17/turn               (no ring)

@: flying, studying Staves, invisible
A: large, unfitting armour, tough skin 1
a: no special abilities


You were on level 8 of the Dungeon.
You visited 2 branches of the dungeon, and saw 9 of its levels.
You also visited: Sewer.

You collected 421 gold pieces.

Inventory:

Hand Weapons
 a - the +8 frozen axe "Frostbite" (weapon) {freezing cloud, *Noise Fly rC+}
   (You found it on level 5 of the Dungeon)

   It freezes those it strikes, dealing additional cold damage.
   It can also slow down cold-blooded creatures.
   It occasionally leaves clouds of freezing vapour upon striking a foe.
   It grants immunity to clouds of freezing vapour.
   rC:        It protects you from cold.
   Fly:       It grants you flight.
   *Noise:    It may make noises in combat.
 b - a +1 vorpal broad axe
Armour
 c - a +0 hat (worn)
 s - a +0 cloak (worn)
 v - a +0 troll leather armour (worn) {Pargi}
Jewellery
 l - an amulet of the acrobat (around neck)
 m - a ring of magical power (left hand)
 D - a ring of wizardry
Wands
 q - a wand of flame (31)
 A - a wand of roots (6)
 F - a wand of polymorph (5)
Scrolls
 e - 2 scrolls of enchant weapon
 h - a scroll of brand weapon
 k - 5 scrolls of teleportation
 n - 2 scrolls of fog
 y - 3 scrolls of blinking
 E - a scroll of poison
 G - a scroll of identify
 H - a scroll of magic mapping {unknown}
Potions
 f - 6 potions of mutation
 g - a potion of berserk rage {unknown}
 i - 6 potions of magic
 j - 2 potions of invisibility
 p - 2 potions of cancellation
 r - 5 potions of curing
 t - 2 potions of flight
 u - a potion of resistance {unknown}
 w - 2 potions of might {unknown}
 x - 2 potions of haste
 z - 3 potions of lignification {unknown}
 B - 3 potions of attraction {unknown}
 C - a potion of heal wounds {unknown}
 I - a potion of ambrosia {unknown}


   Skills:
 - Level 6.0 Fighting
 + Level 15.4(15.6) Axes
 - Level 3.1(9.8) Maces & Flails
 - Level 4.0 Throwing
 - Level 4.0 Dodging
 - Level 4.0 Shields


You had 10 spell levels left.
You didn't know any spells.
Your spell library contained the following spells:

 Spells                   Type           Power      Damage    Failure   Level
 Foxfire                  Conj/Fire      0%         2x1d4     43%         1
 Slow                     Hex            0%         N/A       43%         1
 Ensorcelled Hibernation  Hex/Ice        0%         N/A       56%         2
 Passwall                 Tmut/Erth      0%         N/A       56%         2
 Confusing Touch          Hex            0%         N/A       80%         3
 Conjure Flame            Conj/Fire      0%         6-21      80%         3
 Inner Flame              Hex/Fire       0%         N/A       80%         3
 Swiftness                Air            0%         N/A       80%         3
 Vampiric Draining        Necr           0%         2d6       80%         3
 Flame Wave               Conj/Fire      0%         2d4       99%         4


Dungeon Overview and Level Annotations

Branches:
Dungeon (8/15)             Temple (1/1) D:6           Sewer (visited)
   Lair: D:8-11

Altars:
Ashenzari
Cheibriados
Dithmenos
Fedhas
Gozag
Hepliaklqana
Kikubaaqudgha
Makhleb
Nemelex Xobeh
Okawaru
Qazlal
Ru
Trog
Uskayaw
Vehumet
Xom

Shops:
D:4 =


Innate Abilities, Weirdness & Mutations

You are too large for most types of armour.
You have tough skin. (AC +1)


Message History

You are too injured to fight recklessly!
You are too injured to fight recklessly!
You are too injured to fight recklessly!
You barely miss the cyclops.
The cyclops is severely wounded.
The centaur warrior shouts!
You hit the cyclops but do no damage.
The cyclops is severely wounded.
The cyclops hits you but does no damage.
You slash the cyclops! You freeze the cyclops.
You hear the raging winds of a blizzard.
The cyclops is almost dead.
You hear a shout!
The cyclops hits you but does no damage.
You slash the cyclops! You freeze the cyclops.
You kill the cyclops!
You barely miss the centaur warrior.
The centaur warrior hits you with a +7 war axe of freezing!
The centaur warrior freezes you. The centaur warrior kicks you.
The centaur warrior hits you with a +7 war axe of freezing!
* * * LOW HITPOINT WARNING * * *
The centaur warrior freezes you.
* * * LOW HITPOINT WARNING * * *
The centaur warrior kicks you.
* * * LOW HITPOINT WARNING * * *
You fade into invisibility!
The centaur warrior hits you with a +7 war axe of freezing!
* * * LOW HITPOINT WARNING * * *
The centaur warrior freezes you.
* * * LOW HITPOINT WARNING * * *
The centaur warrior barely misses you.
Unknown command.
You closely miss the centaur warrior.
The centaur warrior hits you with a +7 war axe of freezing!
* * * LOW HITPOINT WARNING * * *
The centaur warrior freezes you.
* * * LOW HITPOINT WARNING * * *
The centaur warrior kicks you but does no damage.
The centaur warrior hits you with a +7 war axe of freezing!
You die...

.##..(##...##..#.##.# #(###.## #
).##..##8†8###.##.#.###.##..# #
[......##.##.##.#.##.##.##.## #
.......##.##....##...##.#..# #
#######)##'##'#########'#.## ###
.......).##.##†#....#.)##.## ##..
.#.#.#.#.##.##..##).#..#...###...
#.......##...##.##...)##.#.##....
#.#.#.#)##.#.##.@(....#..........
##.....##.#.#.##.c.#.##..####....
##.#.#.##.....##.#...#...# ##...
.##...##.......###(.##..## ##..
.##.#.##.#.#.#.##...#...# ###
#.##.##.#.#.#.#.##.##.#.# #
..##.##.........##.#..#.# #
#####..#############....# ##
####################.##.# ##.


You could see a centaur warrior (unable to see you).

Vanquished Creatures
  A two-headed ogre (D:8)
  Pikel (D:7)
  A deep elf pyromancer (D:8)
  A manticore (D:8)
  2 cyclopes (D:8)
  Joseph (D:7)
  A komodo dragon (D:5)
  2 kobold demonologists (D:8)
  The ghost of engelados the Conjurer, a novice OpCj (D:5)
  2 trolls
  A wraith (D:5)
  A wyvern (D:7)
  2 steam dragons
  Menkaure (D:7)
  2 acid dragons
  3 water moccasins
  A sky beast (D:8)
  An orc warrior (D:7)
  Pargi (Sewer)
  3 ice beasts
  6 centaurs
  An ogre (D:6)
  A phantom (D:6)
  4 bullfrogs
  2 scorpions
  A gnoll sergeant (D:6)
  8 wights (D:8)
  4 howler monkeys
  2 electric eels (D:7)
  4 crimson imps (D:4)
  3 hounds
  4 jellies
  7 orc priests
  4 iguanas
  4 orc wizards
  7 gnolls
  10 adders
  4 white imps
  3 ufetubi
  3 worms
  4 dart slugs
  31 orcs
  5 bats
  5 endoplasms
  6 giant cockroaches
  11 goblins
  14 hobgoblins
  4 quokkas
  11 ball pythons
  3 frilled lizards
  19 kobolds
  6 rats
230 creatures vanquished.

Vanquished Creatures (others)
  A komodo dragon (D:5)
  A water moccasin (D:5)
  An orc wizard (D:6)
  An orc (D:8)
  5 plants
9 creatures vanquished.

Grand Total: 239 creatures vanquished

Notes
Turn   | Place    | Note
-------+----------+-------------------------------------------
     0 | D:1      | Gabide the Ogre Gladiator began the quest for the Orb.
     0 | D:1      | Reached XP level 1. HP: 22/22 MP: 1/1
    45 | D:1      | Reached XP level 2. HP: 4/31 MP: 2/2
  1354 | D:2      | Reached XP level 3. HP: 37/37 MP: 3/3
  1492 | D:2      | Found a faded altar of an unknown god.
  2675 | D:2      | You fall into a shaft and drop 2 floors!
  2724 | D:4      | Found a shimmering altar of Xom.
  2738 | D:4      | Reached skill level 1 in Axes
  2738 | D:4      | Reached XP level 4. HP: 47/48 MP: 4/4
  2741 | D:4      | Reached XP level 5. HP: 54/55 MP: 5/5
  2788 | D:4      | Reached skill level 2 in Axes
  2883 | D:4      | Noticed a centaur
  2885 | D:4      | Found a sacrificial altar of Ru.
  2895 | D:4      | Killed a centaur
  2896 | D:4      | Reached skill level 5 in Fighting
  2896 | D:4      | Reached skill level 3 in Axes
  2896 | D:4      | Reached XP level 6. HP: 44/66 MP: 6/6
  3032 | D:4      | Found Rounlit's Jewellery Boutique.
  3270 | D:3      | Found a glowing drain.
  3282 | Sewer    | Entered a sewer
  3370 | Sewer    | Noticed Pargi
  3373 | Sewer    | Killed Pargi
  3449 | Sewer    | Reached skill level 4 in Axes
  3628 | D:3      | Reached XP level 7. HP: 59/75 MP: 7/7
  4038 | D:4      | Reached skill level 5 in Axes
  4880 | D:5      | Entered Level 5 of the Dungeon
  4993 | D:5      | Noticed a komodo dragon
  5004 | D:5      | Killed a komodo dragon
  5005 | D:5      | Reached XP level 8. HP: 44/83 MP: 8/8
  5333 | D:5      | Found a broken altar of Ashenzari.
  5369 | D:5      | Noticed a wraith
  5386 | D:5      | Killed a wraith
  5386 | D:5      | Noticed a komodo dragon
  5387 | D:5      | Reached skill level 6 in Axes
  5399 | D:5      | Killed a komodo dragon
  5400 | D:5      | Reached skill level 7 in Axes
  5562 | D:5      | Found a hide-covered altar of Uskayaw.
  5647 | D:5      | Found a runed translucent door.
  5649 | D:5      | Noticed engelados's ghost (novice OpCj)
  5652 | D:5      | Found the +8 frozen axe "Frostbite" {freezing cloud, *Noise
                  | Fly rC+}
  5750 | D:5      | Reached XP level 9. HP: 77/89 MP: 9/9
  6070 | D:5      | Reached skill level 8 in Axes
  6071 | D:5      | Killed engelados's ghost
  6181 | D:6      | Reached skill level 9 in Axes
  6295 | D:6      | Found a hazy altar of Hepliaklqana.
  6513 | D:6      | Reached skill level 10 in Axes
  6723 | D:6      | Found a staircase to the Ecumenical Temple.
  6732 | Temple   | Entered the Ecumenical Temple
  6887 | D:7      | Noticed Menkaure
  6893 | D:7      | Killed Menkaure
  6903 | D:7      | Noticed Pikel
  6925 | D:7      | Killed Pikel
  6926 | D:7      | Reached skill level 11 in Axes
  6926 | D:7      | Reached XP level 10. HP: 34/98 MP: 10/10
  7176 | D:7      | Reached skill level 12 in Axes
  7318 | D:7      | Noticed Joseph
  7671 | D:7      | Killed Joseph
  8138 | D:8      | Reached skill level 13 in Axes
  8330 | D:8      | Noticed a kobold demonologist
  8333 | D:8      | Noticed a sun demon
  8340 | D:8      | Killed a kobold demonologist
  8420 | D:8      | Found an opulent altar of Gozag.
  8761 | D:8      | Reached skill level 14 in Axes
  8836 | D:8      | Reached XP level 11. HP: 81/105 MP: 11/11
  8917 | D:8      | Noticed a two-headed ogre
  8921 | D:8      | Killed a two-headed ogre
  8946 | D:8      | Found the brooch of Shielding {Spirit SH+8}
  8946 | D:8      | Noticed a cyclops
  8946 | D:8      | Noticed a deep elf pyromancer
  8947 | D:8      | Noticed a cyclops
  8947 | D:8      | Noticed a manticore
  8947 | D:8      | Noticed a cyclops
  8948 | D:8      | Noticed a centaur warrior
  8974 | D:8      | Killed a deep elf pyromancer
  9049 | D:8      | Killed a cyclops
  9050 | D:8      | Reached skill level 15 in Axes
  9052 | D:8      | Killed a manticore
  9058 | D:8      | Killed a cyclops
  9060 | D:8      | HP: 5/105 [centaur warrior/+7 war axe of freezing (8)]
  9060 | D:8      | Mangled by a centaur warrior

Illustrated notes

Levels and vault maps discovered:
D:1:      wander_arrival_estate, layout_basic, chequers_serial_rivers_micro_b,
          skrybe_limestone_x
D:2:      layout_loops_corners, hellmonk_ecumenical_altar_lost_god
D:3:      layout_rooms, cheibrodos_sewer_entry_drain, dk_vineyard_3,
          hangedman_decor_peaks_small
D:4:      corexii_shantytown, layout_gridville, led_xom_imps,
          nicolae_ru_sacrificial_ziggurat, serial_shops, shop
D:5:      wad_lake_hut, layout_rooms, nicolae_ashenzari_panopticon,
          nicolae_uskayaw_dance_hall, ebering_ghost_inner_flame, minivault_14,
          chequers_serial_rivers_room_b, minmay_manual_macuahuitl
D:6:      layout_basic, nicolae_hepliaklqana_hazy_memory, temple_hall
D:7:      layout_gridville, st_stairs_7, minmay_misc_feat_columns,
          kennysheep_generic_room_2, uniq_menkaure, uniq_joseph, uniq_pikel
D:8:      minmay_the_grid_triangle_9x9_rhombus_full
          [minmay_the_grid_triangle_9x9_pentomino_pain,
          minmay_the_grid_triangle_9x9_shrine,
          minmay_the_grid_triangle_9x9_windchime,
          minmay_the_grid_triangle_9x9_sparse_checkered,
          minmay_the_grid_triangle_9x9_zippers_horizontal,
          minmay_the_grid_triangle_9x9_swiss_cheese,
          minmay_the_grid_triangle_9x9_longest,
          minmay_the_grid_triangle_9x9_prize_center], layout_loops_corners,
          nicolae_gozag_seed_capital
Temple:   hellmonk_temple_beads

Skill      XL: |  1  2  3  4  5  6  7  8  9 10 11 |
---------------+----------------------------------+-----
Fighting       | 3 4 5 6 |  6.0
Dodging        | 3 4 |  4.0
Maces & Flails | 3 |  3.1
Axes           | 1 3 4 5 7 11 14 15 | 15.4
Throwing       | 4 |  4.0
Shields        | 2 4 |  4.0

Action                   |  1- 3 |  4- 6 |  7- 9 | 10-12 || total
-------------------------+-------+-------+-------+-------++-------
Melee: Flail             |    37 |       |       |       ||    37
       Whip              |   118 |   147 |    29 |       ||   294
       Punch             |       |     1 |     3 |       ||     4
       Broad axe         |       |       |   197 |       ||   197
       Executioner's axe |       |       |    57 |   146 ||   203
       Unarmed           |       |       |       |    12 ||    12
Throw: Throwing net      |     3 |       |     6 |     1 ||    10
       Large rock        |     1 |       |     2 |       ||     3
  Use: Scroll            |     2 |     5 |    11 |     2 ||    20
       Potion            |       |       |     3 |     2 ||     5
 Stab: Sleeping          |     2 |     1 |       |       ||     3
       Invisible         |       |       |     2 |       ||     2
       Confused          |       |       |       |     2 ||     2
       Fleeing           |       |       |       |     1 ||     1
Armor: Robe              |    49 |    62 |       |       ||   111
       Troll leather arm |       |    11 |    94 |    53 ||   158
Dodge: Dodged            |    74 |   113 |   157 |   116 ||   460
Block: Kite shield       |       |       |    30 |       ||    30
